 Dungeon Crawl Stone Soup version 0.23-a0-54-gae6112e (webtiles) character file.

33 Gorice the Firebug (level 3, -1/19 HPs)
             Began as a Deep Elf Fire Elementalist on Aug 8, 2018.
             Slain by a shadow imp (5 damage)
             ... on level 2 of the Dungeon.
             The game lasted 00:06:32 (1321 turns).

Gorice the Firebug (Deep Elf Fire Elementalist)     Turns: 1321, Time: 00:06:33

Health: -1/19      AC:  2    Str:  5    XL:     3   Next: 12%
Magic:  6/9        EV: 13    Int: 20    God:
Gold:   88         SH:  5    Dex: 15    Spells: 2/8 levels left

rFire    . . .     SeeInvis .   (no weapon)
rCold    . . .     Gourm    .   (no shield)
rNeg     . . .     Faith    .   a - +0 robe
rPois    .         Spirit   .   (no helmet)
rElec    .         Reflect  +   (no cloak)
rCorr    .         Harm     .   (no gloves)
MR       .....                  (no boots)
Stlth    ++........             e - +5 amulet of reflection
HPRegen  0.06/turn              b - ring of flight
MPRegen  0.11/turn              (no ring)

@: no status effects
A: no striking features
a: Evoke Flight


You were on level 2 of the Dungeon.
You were not hungry.

You visited 1 branch of the dungeon, and saw 2 of its levels.

You collected 88 gold pieces.

Inventory:

Missiles
 Y - 43 stones (quivered)
Armour
 a - a +0 robe (worn)
Jewellery
 b - a ring of flight (left hand)
 e - a +5 amulet of reflection (around neck)
Scrolls
 g - a scroll of identify {unknown}
Potions
 f - a potion of berserk rage {unknown}
 h - a potion of curing {unknown}
Comestibles
 c - 3 rations
 d - 2 chunks of flesh


   Skills:
 - Level 2.4 Dodging
 - Level 2.4 Stealth
 + Level 3.1 Spellcasting
 * Level 3.2 Conjurations
 * Level 3.4 Fire Magic


You had 2 spell levels left.
You knew the following spells:

 Your Spells              Type           Power        Failure   Level  Hunger
a - Flame Tongue          Conj/Fire      ###..        3%          1    None
b - Throw Flame           Conj/Fire      ###...       5%          2    ##.....
c - Conjure Flame         Conj/Fire      ###.....     11%         3    ###....

Your spell library contained the following spells:

 Spells                   Type           Power        Failure   Level  Hunger
 Fireball                 Conj/Fire      ###.......   69%         5    ######.
 Sticky Flame             Conj/Fire      ###.....     34%         4    ####...
 Inner Flame              Hex/Fire       #.......     22%         3    ###....


Dungeon Overview and Level Annotations

Branches:
Dungeon (2/15)

Altars:
Gozag
Nemelex Xobeh


Message History

Some of the chunks of flesh in your inventory have rotted away.
Magic restored.
You see here a dart slug corpse.
You butcher the dart slug corpse.
d - 2 chunks of flesh (gained 1)
The shadow imp shouts!
Casting: Flame Tongue (safe; 3% risk of failure)
Confirm with . or Enter, or press ? or * to list all spells.
Aiming: Throw Flame (safe; 5% risk of failure)
Press: ? - help, Shift-Dir - straight line, f - shadow imp
Aim: a shadow imp The puff of flame hits the shadow imp.
The shadow imp is lightly wounded.
Casting: Throw Flame (safe; 5% risk of failure)
Confirm with . or Enter, or press ? or * to list all spells.
Aiming: Throw Flame (safe; 5% risk of failure)
Press: ? - help, Shift-Dir - straight line, f/p - shadow imp
Aim: a shadow imp (lightly wounded)
The puff of flame hits the shadow imp.
The shadow imp is severely wounded.
The shadow imp gestures at you. Pain shoots through your body!
Ouch! That really hurt!
* * * LOW HITPOINT WARNING * * *
Damage: 13 (max 13) Unknown command.
Unknown command.
Unknown command.
The bat closely misses you. The bat hits you.
* * * LOW HITPOINT WARNING * * *
Damage: 1 (max 13)
You open the door. You block the bat's attack.
The bat hits you but does no damage.
There is an open door here.
The bat hits you but does no damage. The bat hits you but does no damage.
You block the bat's attack. The bat barely misses you.
The bat closely misses you.
There is a stone staircase leading up here.
You climb upwards.
There is a stone staircase leading down here.
You climb downwards.
The shadow imp gestures at you. Pain shoots through your body!
* * * LOW HITPOINT WARNING * * *
There is a stone staircase leading up here.
Damage: 1 (max 1) Unknown command.
The shadow imp hits you.
You die...

###.##.......####.# .....
#.........#+#.....###+###.....
#####..........#.#..P.P......
#.........##.#.......#
#.#+##.......#.......#
#...##......##.#####รท#
##..........##.#.....##
#........5....#......#
#.......@#b####....#.##
###..b.###.####.......# .
####....5..##.......#..
######.##'####......#
.....#'#..........#.#
...............###'###
..............##.....##
.............##...8...#
..###........#.........


You could see a shadow imp and a bat.

Vanquished Creatures
  2 dart slugs
  2 leopard geckos
  3 giant cockroaches
  A goblin (D:1)
  3 hobgoblins
  4 jackals (D:2)
  3 bats (D:1)
  2 frilled lizards (D:1)
  3 kobolds
  2 rats
25 creatures vanquished.

Notes
Turn   | Place    | Note
-------+----------+-------------------------------------------
     0 | D:1      | Gorice the Deep Elf Fire Elementalist began the quest for the Orb.
     0 | D:1      | Reached XP level 1. HP: 10/10 MP: 6/6
   215 | D:1      | Reached skill level 2 in Conjurations
   302 | D:1      | Reached XP level 2. HP: 15/15 MP: 6/8
   890 | D:2      | Reached skill level 3 in Conjurations
  1068 | D:2      | Reached XP level 3. HP: 10/19 MP: 2/9
  1244 | D:2      | Learned a level 2 spell: Throw Flame
  1248 | D:2      | Learned a level 3 spell: Conjure Flame
  1260 | D:2      | Found an opulent altar of Gozag.
  1260 | D:2      | Found a sparkling altar of Nemelex Xobeh.
  1309 | D:2      | HP: 5/19 [bat (1)]
  1320 | D:2      | HP: 4/19 [shadow imp/nerve-wracking pain (1)]
  1321 | D:2      | Slain by a shadow imp

Vault maps used:
D:1:      dpeg_arrival_signposts
D:2:      kennysheep_big_flooded_room, grunt_temple_overflow_opulence,
          cheibrodos_gnoll_hut, uniq_robin

Skill      XL: |  1  2 |
---------------+-------+-----
Conjurations   | 2 3 |  3.2
Dodging        | |  2.4
Stealth        | |  2.4
Spellcasting   | |  3.1
Fire Magic     | |  3.4

Action                   || total
-------------------------++-------
 Cast: Flame Tongue      ||    53
       Throw Flame       ||     2
  Use: Scroll            ||     1
  Eat: Chunk             ||     1
Armor: Robe              ||     7
Dodge: Dodged            ||    17
Block: Other             ||    12

Table legend:
 A = Spawn XP
 B = Non-spawn XP
 C = Spawn XP percentage of total XP
 D = Spawn monster count
 E = Non-spawn monster count
 F = Spawn count percentage of total count
 G = Total turns spent on level
                    A         B        C        D         E        F      G
               +---------+---------+-------+---------+---------+-------+---------
         Total |       0 |      48 |   0.0 |       0 |      25 |   0.0 |  1321
               +---------+---------+-------+---------+---------+-------+---------
           D:1 |       0 |      26 |   0.0 |       0 |      15 |   0.0 |   912
           D:2 |       0 |      22 |   0.0 |       0 |      10 |   0.0 |   409
               +---------+---------+-------+---------+---------+-------+---------

Table legend:
 A = Turns spent in this place as a percentage of turns spent in the entire game.
 B = Non-inter-level travel turns spent in this place as a percentage of non-inter-level travel turns spent in the entire game.
 C = Inter-level travel turns spent in this place as a percentage of turns spent in this place.
 D = Turns resting spent in this place as a percentage of non-inter-level travel turns spent in this place.
 E = Turns spent auto-exploring this place as a percentage of non-inter-level travel turns spent in this place.
 F = Non-inter-level travel turns spent in this place divided by the number of levels of this place that you've seen.
                   A       B       C       D       E      F
               +-------+-------+-------+-------+-------+----------------------
         Total | 100.0 | 100.0 |   4.5 |  33.6 |  30.6 | 631.0
       Dungeon | 100.0 | 100.0 |   4.5 |  33.6 |  30.6 | 631.0
               +-------+-------+-------+-------+-------+----------------------

Vault maps used:
D:1:      dpeg_arrival_signposts
D:2:      kennysheep_big_flooded_room, grunt_temple_overflow_opulence,
          cheibrodos_gnoll_hut, uniq_robin
